 Dungeon Crawl Stone Soup version 0.30-a0-377-g5cb311bc9f (webtiles) character file.

Game seed: 18425427647528953830

7011 Decritt the Fighter (level 11, -15/87 HPs)
             Began as a Djinni Air Elementalist on Nov 28, 2022.
             Was a Believer of Makhleb.
             Demolished by Snorg (18 damage)
             ... on level 11 of the Dungeon.
             The game lasted 00:29:37 (11528 turns).

Decritt the Fighter (Djinni Air Elementalist)      Turns: 11528, Time: 00:29:37

Health: -15/87     AC: 12    Str:  7    XL:     11   Next: 29%
Gold:   637        EV: 13    Int: 22    God:    Makhleb [**....] SH:  5 Dex: 13

rFire   + + +      SeeInvis .    c - +3 whip of Daloex {flame, rElec rC+}
rCold   + . .      Faith    .    m - +0 buckler
rNeg    . . .      Spirit   .    s - +0 steam dragon scales
rPois   ∞          Reflect  .    g - +2 helmet of Indemnity {rF+ rC+ rCorr Slay+3}
rElec   +          Harm     .    v - +0 cloak
rCorr   +          Rampage  .    e - +1 pair of gloves
Will    +....                    (boots unavailable)
Stlth   ++........               i - amulet of regeneration
HPRegen 1.14/turn                (no ring)
MPRegen 0.00/turn                (no ring)

@: swift, flying, quick
A: sickness immunity, fire resistance 2, cold vulnerability 1, float, innate
caster, HP casting, extra vitality 1
a: Renounce Religion, Minor Destruction


You were on level 11 of the Dungeon.
You worshipped Makhleb.
Makhleb was pleased with you.
You visited 2 branches of the dungeon, and saw 12 of its levels.

You collected 660 gold pieces.
You spent 23 gold pieces at shops.

Inventory:

Hand Weapons
 c - the +3 whip of Daloex (weapon) {flame, rElec rC+}
   (You found it on level 2 of the Dungeon)

   It burns those it strikes, dealing additional fire damage.
   rC:        It protects you from cold.
   rElec:     It insulates you from electricity.
Armour
 e - a +1 pair of gloves (worn)
 g - the +2 helmet of Indemnity (worn) {rF+ rC+ rCorr Slay+3}
   (You found it on level 5 of the Dungeon)

   Slay:      It affects your accuracy & damage with ranged weapons and melee
   (+3).
   rF:        It protects you from fire.
   rC:        It protects you from cold.
   rCorr:     It protects you from acid and corrosion.
 m - a +0 buckler (worn)
 s - +0 steam dragon scales (worn)
 v - a +0 cloak (worn)
Jewellery
 a - an amulet of reflection
 i - an amulet of regeneration (around neck)
Wands
 d - a wand of flame (30)
 t - a wand of mindburst (10)
 w - a wand of roots (5)
 x - a wand of digging (6)
Scrolls
 h - a scroll of vulnerability {unknown}
 j - 7 scrolls of teleportation
 k - 4 scrolls of magic mapping
 l - a scroll of acquirement
 o - a scroll of fog
 q - 2 scrolls of immolation
Potions
 b - 3 potions of haste
 f - 3 potions of lignification
 n - a potion of berserk rage {unknown}
 p - 2 potions of cancellation
 r - a potion of curing {unknown}
 u - a potion of heal wounds


   Skills:
 * Level 11.2 Fighting
 + Level 3.3 Armour
 - Level 4.2 Dodging
 - Level 3.3 Stealth
 + Level 4.1 Shields
 * Level 8.1 Spellcasting


You had 2 spell levels left.
You knew the following spells:

 Your Spells              Type           Power      Damage    Failure   Level
a - Shock                 Conj/Air       100%       1d9       1%          1
b - Airstrike             Air            22%        2d(4-20)  3%          4
c - Static Discharge      Conj/Air       88%        2-6/arc   1%          2
d - Tukima's Dance        Hex            44%        N/A       1%          3
e - Swiftness             Air            44%        N/A       1%          3
f - Momentum Strike       Conj/Tloc      88%        3d10      1%          2
g - Foxfire               Conj/Fire      100%       2x1d9     1%          1
h - Portal Projectile     Hex/Tloc       88%        N/A       1%          3
i - Silence               Hex/Air        22%        N/A       10%         5
Your spell library was empty.

Dungeon Overview and Level Annotations

Branches:
Dungeon (11/15)            Temple (1/1) D:4            Lair (0/5) D:11
    Orc (0/2) D:11

Altars:
Ashenzari
Cheibriados
Dithmenos
Elyvilon
Fedhas
Gozag
Hepliaklqana
Makhleb
Nemelex Xobeh
Okawaru
Qazlal
Ru
Trog
Uskayaw
Wu Jian
Xom
Yredelemnul
Zin
The Shining One

Shops:
D:1 *   D:7 :

Annotations:
D:5 Edmund
D:7 exclusion: obsidian statue
D:10 1 runed translucent door, LetschGu's ghost, journeyman TrFi
D:11 Snorg


Innate Abilities, Weirdness & Mutations

You are immune to sickness and miasma.
You are immune to poison.
Your flesh is very heat resistant. (rF++)
You are vulnerable to cold. (rC-)
You float through the air rather than walking.
You learn spells naturally, not from books.
Your magical power is your life essence.
You have superior vitality. (+4 MHP)


Message History

Confirm with . or Enter, or press ? or * to list all spells.
Aiming: Airstrike (dangerous; 3% risk of failure)
Press: ? - help, Dir - move target, f/p - Snorg
Aim: Snorg (lightly wounded, empty space bonus: 7/8)
The air twists around and strikes Snorg!!
Snorg is moderately wounded.
Casting: Airstrike (dangerous; 3% risk of failure)
Confirm with . or Enter, or press ? or * to list all spells.
Aiming: Airstrike (dangerous; 3% risk of failure)
Press: ? - help, Dir - move target, f/p - Snorg
Aim: Snorg (moderately wounded, empty space bonus: 7/8)
The air twists around and strikes Snorg!!
Snorg is severely wounded.
A manticore comes into view.
You hit the plant.
The plant begins to die.
You burn the plant.
The plant is lightly damaged.
You completely miss the plant.
The plant is lightly damaged.
Snorg goes berserk!
A nearby plant withers and dies.
Snorg closely misses you. You block Snorg's attack. Snorg misses you.
Snorg bites you!! Snorg completely misses you. Snorg claws you!
Snorg rages.
You block Snorg's attack. Snorg misses you. Snorg claws you!
Casting: Airstrike (dangerous; 3% risk of failure)
Confirm with . or Enter, or press ? or * to list all spells.
You feel quick. Snorg barely misses you. You block Snorg's attack.
Snorg barely misses you. You block Snorg's attack. Snorg claws you!
* * * LOW HITPOINT WARNING * * *
Snorg claws you!
* * * LOW HITPOINT WARNING * * *
Snorg attacks as you move away! Snorg closely misses you. Snorg claws you.
* * * LOW HITPOINT WARNING * * *
Snorg claws you!
* * * LOW HITPOINT WARNING * * *
Snorg attacks as you move away! Snorg bites you!
* * * LOW HITPOINT WARNING * * *
You block Snorg's attack. Snorg misses you. You block Snorg's attack.
Snorg claws you!!
You die...

#################
###..........##...#
#<..#######.###...# #######.###
####.# #...# #####.......#
###..>)# ##.## ......#######
#...######..# ####### #@###
#..## ##T# ##.## ### #..# #..#
..#############.## #.##
#...........[...#######.#
########...........##...# ..
########.#########.##.####..###
.........# ##.............
........## ###..#..###......


You could see Snorg (berserk).

Vanquished Creatures
  A two-headed ogre (D:8)
  A cyclops (D:9)
  Maurice (D:11)
  2 trolls (D:10)
  A spriggan (shapeshifter) (D:11)
  A vampire (D:10)
  A wyvern (D:8)
  3 wraiths
  5 yaks
  2 steam dragons
  A basilisk (D:10)
  Grum (D:10)
  2 water moccasins
  Duvessa (D:7)
  An acid dragon (D:9)
  2 orc warriors
  A sky beast (D:8)
  2 wolves (D:10)
  A phantom (D:6)
  3 centaurs
  3 bullfrogs
  3 kobold brigands
  A necrophage (D:5)
  A gnoll sergeant (D:9)
  A scorpion (D:6)
  7 wights
  Dowan (D:7)
  An electric eel (D:7)
  3 howler monkeys (D:9)
  3 hounds
  A gnoll bouda (D:8)
  2 orc priests
  A jelly (D:7)
  Jessica (D:2)
  10 orc wizards
  3 iguanas
  A mummy (D:4)
  Robin (D:4)
  10 gnolls
  4 adders
  2 white imps
  3 ufetubi
  2 worms (D:2)
  2 dart slugs
  26 orcs
  7 ball pythons
  6 endoplasms
  2 giant cockroaches
  12 goblins
  9 hobgoblins
  3 jackals (D:2)
  21 kobolds
  3 quokkas
  9 bats
  2 hobgoblin zombies (D:4)
  2 orc zombies (D:4)
  4 rats
206 creatures vanquished.

Vanquished Creatures (others)
  16 fungi
  10 plants
26 creatures vanquished.

Grand Total: 232 creatures vanquished

Notes
Turn   | Place    | Note
-------+----------+-------------------------------------------
     0 | D:1      | Decritt the Djinni Air Elementalist began the quest for the
                  | Orb.
     0 | D:1      | Decritt set off with the following spells memorised: Shock,
                  | Static Discharge, Swiftness, Airstrike.
     0 | D:1      | Reached XP level 1. HP: 15/15 MP: 0/0
    54 | D:1      | Found Nigom's Assorted Antiques.
    68 | D:1      | Bought a scroll labelled TUYMMY DIFEE for 23 gold pieces
   100 | D:1      | Found a faded altar of an unknown god.
   237 | D:1      | Reached XP level 2. HP: 18/21 MP: 0/0
   722 | D:1      | Reached XP level 3. HP: 21/25 MP: 0/0
   722 | D:1      | Learned a level 1 spell: Foxfire
  1375 | D:2      | Identified the +3 whip of Daloex {flame, rElec rC+}
  1503 | D:2      | Noticed Jessica
  1505 | D:2      | Killed Jessica
  1506 | D:2      | Reached XP level 4. HP: 29/31 MP: 0/0
  2130 | D:3      | Reached XP level 5. HP: 25/35 MP: 0/0
  2130 | D:3      | Learned a level 2 spell: Momentum Strike
  2698 | D:3      | Found a glowing silver altar of Zin.
  2820 | D:3      | Found a shimmering altar of Xom.
  2820 | D:3      | Found a shadowy altar of Dithmenos.
  2825 | D:3      | Found a hazy altar of Hepliaklqana.
  3315 | D:4      | Noticed Robin
  3343 | D:4      | Killed Robin
  3529 | D:4      | Reached XP level 6. HP: 40/40 MP: 0/0
  3578 | D:4      | Found a staircase to the Ecumenical Temple.
  3638 | Temple   | Entered the Ecumenical Temple
  3645 | Temple   | Became a worshipper of Makhleb the Destroyer
  3992 | D:5      | Entered Level 5 of the Dungeon
  4020 | D:5      | Identified the +2 helmet of Indemnity {rF+ rC+ rCorr
                  | Slay+3}
  4057 | D:5      | Noticed Edmund
  4295 | D:5      | Reached skill level 1 in Fighting
  5160 | D:6      | Noticed a steam dragon
  5204 | D:5      | Found a glowing golden altar of the Shining One.
  5208 | D:5      | Found a bloodstained altar of Trog.
  5224 | D:5      | Reached skill level 2 in Fighting
  5224 | D:5      | Reached XP level 7. HP: 49/49 MP: 0/0
  5224 | D:5      | Learned a level 3 spell: Tukima's Dance
  5966 | D:6      | Reached skill level 3 in Fighting
  6375 | D:6      | Reached skill level 4 in Fighting
  6553 | D:7      | Reached XP level 8. HP: 58/58 MP: 0/0
  6658 | D:7      | Found Roesmy's Book Shoppe.
  6686 | D:7      | Reached skill level 5 in Fighting
  7059 | D:7      | Noticed Dowan
  7062 | D:7      | Reached skill level 5 in Spellcasting
  7062 | D:7      | Noticed Duvessa
  7081 | D:7      | Killed Duvessa
  7086 | D:7      | Killed Dowan
  7119 | D:7      | Reached skill level 6 in Fighting
  7138 | D:7      | Reached * piety under Makhleb
  7184 | D:7      | Reached XP level 9. HP: 67/67 MP: 0/0
  7184 | D:7      | Learned a level 3 spell: Portal Projectile
  7280 | D:7      | Noticed an obsidian statue
  7282 | D:7      | Noticed a rust devil
  7288 | D:7      | Noticed a sixfirhy
  7288 | D:7      | Noticed an ice devil
  7647 | D:8      | Noticed a two-headed ogre
  7653 | D:8      | HP: 2/67 [two-headed ogre/+0 giant club (30)]
  7664 | D:8      | HP: 2/67 [wyvern (5)]
  7667 | D:8      | Reached skill level 7 in Fighting
  8145 | D:8      | Killed a two-headed ogre
  8146 | D:8      | Reached skill level 8 in Fighting
  8375 | D:8      | Reached XP level 10. HP: 70/77 MP: 0/0
  8416 | D:8      | Reached skill level 9 in Fighting
  8776 | D:9      | Reached skill level 1 in Shields
  9351 | D:9      | Reached ** piety under Makhleb
  9355 | D:9      | Reached skill level 10 in Fighting
  9357 | D:9      | Noticed a cyclops
  9399 | D:9      | Killed a cyclops
  9400 | D:9      | Reached skill level 1 in Armour
  9751 | D:10     | Entered Level 10 of the Dungeon
  9826 | D:10     | Noticed LetschGu's ghost (journeyman TrFi)
  9827 | D:10     | Found a runed translucent door.
  9828 | D:10     | Identified the +5 trident of Wiaco {elec, rElec Int+5}
 10070 | D:10     | Identified a scroll of acquirement
 10476 | D:10     | Noticed Grum
 10481 | D:10     | Killed Grum
 10847 | D:11     | Noticed Maurice
 10851 | D:11     | Killed Maurice
 10852 | D:11     | Reached XP level 11. HP: 78/86 MP: 0/0
 10852 | D:11     | Learned a level 5 spell: Silence
 11050 | D:11     | Reached skill level 11 in Fighting
 11068 | D:11     | Found a staircase to the Orcish Mines.
 11089 | D:11     | Noticed an elephant
 11465 | D:11     | Found a staircase to the Lair.
 11505 | D:11     | Noticed a cyclops
 11506 | D:11     | Noticed Snorg
 11509 | D:11     | Noticed a manticore
 11528 | D:11     | HP: 2/87 [Snorg (14)]
 11528 | D:11     | Demolished by Snorg

Illustrated notes

Levels and vault maps discovered:
D:1:      evilmike_arrival_plus, layout_loops_corners,
          hellmonk_ecumenical_altar_pennies_from_heaven, serial_shops, shop
D:2:      layout_basic, uniq_jessica
D:3:      layout_loops_ring, minitemple, st_stairs_10, serial_park_tiny_2
D:4:      layout_loops_corners, minmay_temple_entry_statues_fountains,
          minmay_mini_ossuary, uniq_robin
D:5:      layout_loops_cross, grunt_temple_overflow_open, uniq_edmund
D:6:      layout_basic
D:7:      statuecave_lemuel, layout_basic, serial_shops, shop, uniq_duvessa
D:8:      layout_loops_ring
D:9:      kennysheep_steamy, layout_rooms, hangedman_decor_lopped
D:10:     layout_loops_corners, ebering_ghost_funeral_grove, uniq_grum
D:11:     layout_rooms, david_lair_generic, uniq_snorg, uniq_maurice,
          uniq_nergalle
Temple:   hellmonk_temple_of_storms

Skill      XL: |  1  2  3  4  5  6  7  8  9 10 11 |
---------------+----------------------------------+-----
Stealth        | 2 3 |  3.3
Dodging        | 3 4 |  4.2
Spellcasting   | 3 4 5 6 7 8 |  8.1
Fighting       | 2 4 6 8 10 11 | 11.2
Shields        | 3 4 |  4.1
Armour         | 2 3 |  3.3

Action                   |  1- 3 |  4- 6 |  7- 9 | 10-12 || total
-------------------------+-------+-------+-------+-------++-------
Melee: Unarmed           |     3 |       |       |       ||     3
       Whip              |     9 |    24 |    33 |    13 ||    79
 Cast: Shock             |    75 |   172 |   214 |    65 ||   526
       Swiftness         |       |       |     2 |     4 ||     6
       Airstrike         |       |       |    23 |   123 ||   146
       Silence           |       |       |       |     1 ||     1
  Use: Scroll            |     4 |    10 |     7 |     3 ||    24
       Potion            |       |       |     3 |       ||     3
Armor: Robe              |     2 |    23 |    45 |     6 ||    76
       Steam dragon scal |       |       |       |    18 ||    18
Dodge: Dodged            |     8 |    44 |    99 |    67 ||   218
Block: Buckler           |       |       |       |    31 ||    31

Table legend: (Time is in decaauts)
 A = Elapsed time spent in this place.
 B = Non-inter-level travel time spent in this place.
 C = Inter-level travel time spent in this place.
 D = Time resting spent in this place.
 E = Time spent auto-exploring this place.
 F = Levels seen in this place.
 G = Mean time per level.
                   A        B        C        D        E       F      G
               +--------+--------+--------+--------+--------+-----+--------+
         Total |  11517 |  11157 |    360 |   2804 |   6595 |  12 |  959.8 |
       Dungeon |  11471 |  11118 |    353 |   2804 |   6573 |  11 | 1042.8 |
        Temple |     45 |     38 |      7 |      0 |     22 |   1 |   45.0 |
               +--------+--------+--------+--------+--------+-----+--------+

Top non-repeatable levels by time:
     D:5: 1403 daAuts
    D:10: 1393 daAuts
     D:7: 1263 daAuts
     D:4: 1235 daAuts
     D:1: 1125 daAuts
     D:8: 1119 daAuts
     D:2: 989 daAuts
     D:6: 867 daAuts
     D:3: 855 daAuts
     D:9: 829 daAuts
    D:11: 389 daAuts
  Temple: 45 daAuts
